 Dungeon Crawl Stone Soup version 0.30-a0-465-g8901f6c8b5 (webtiles) character file.

Game seed: 11487761035409692719

566 avis the Chiller (level 6, -2/50 HPs)
             Began as a Demigod Ice Elementalist on Dec 17, 2022.
             Slain by an iguana (5 damage)
             ... on level 5 of the Dungeon.
             The game lasted 00:26:01 (4137 turns).

avis the Chiller (Demigod Ice Elementalist)         Turns: 4137, Time: 00:26:02

Health: -2/50      AC:  9    Str:  9    XL:     6   Next: 85%
Magic:  4/4        EV: 13    Int: 17    God:
Gold:   196        SH:  0    Dex: 28    Spells: 4/11 levels left

rFire   + . .      SeeInvis +    a - +11 sling of Day {antimagic, Contam Dex+6 SInv}
rCold   . . .      Faith    .    (no shield)
rNeg    . . .      Spirit   .    l - +0 robe
rPois   .          Reflect  .    (no helmet)
rElec   .          Harm     .    (no cloak)
rCorr   +          Rampage  .    (no gloves)
Will    .....                    s - +0 pair of boots
Stlth   +++.......               A - amulet of magic regeneration
HPRegen 0.28/turn                h - ring of protection from fire
MPRegen 0.49/turn                y - ring of resist corrosion

@: ice-armoured
A: high MP 1, forlorn, divine attributes
a: no special abilities


You were on level 5 of the Dungeon.
You visited 1 branch of the dungeon, and saw 5 of its levels.

You collected 196 gold pieces.

Inventory:

Hand Weapons
 a - the +11 sling of Day (weapon) {antimagic, Contam Dex+6 SInv}
   (You found it on level 3 of the Dungeon)

   It reduces the magical energy of the wielder, and disrupts the spells and
   magical abilities of those it strikes.
   Natural abilities and divine invocations are not affected.
   Dex:       It affects your dexterity (+6).
   SInv:      It lets you see invisible.
   Contam:    It causes magical contamination when unequipped.
 t - a +1 short sword of freezing
 F - a +0 dagger of speed
Missiles
 f - 3 datura-tipped darts
 E - 3 silver boomerangs
 H - 5 poisoned darts
Armour
 l - a +0 robe (worn)
 n - the +0 helmet of Ru's Benevolence {Str+2 Dex+2}
   (You found it on level 2 of the Dungeon)

   Str:       It affects your strength (+2).
   Dex:       It affects your dexterity (+2).
 s - a +0 pair of boots (worn)
Jewellery
 h - a ring of protection from fire (left hand)
 y - a ring of resist corrosion (right hand)
 A - an amulet of magic regeneration (around neck)
Scrolls
 c - 2 scrolls of amnesia {unknown}
 e - 6 scrolls of enchant weapon {unknown}
 g - 4 scrolls of identify {unknown}
 i - a scroll of silence {unknown}
 j - a scroll of torment {unknown}
 m - a scroll of enchant armour {unknown}
 o - 3 scrolls of immolation {unknown}
 u - 4 scrolls of noise {unknown}
 x - a scroll of teleportation {unknown}
 B - a scroll of blinking {unknown}
 C - 2 scrolls of vulnerability {unknown}
Potions
 b - 4 potions of magic
 d - 4 potions of brilliance {unknown}
 k - 2 potions of degeneration {unknown}
 p - a potion of berserk rage {unknown}
 q - a potion of ambrosia {unknown}
 r - a potion of lignification {unknown}
 v - a potion of curing {unknown}
 w - 2 potions of invisibility {unknown}
 z - a potion of might {unknown}
 D - a potion of cancellation {unknown}
 G - a potion of flight {unknown}


   Skills:
 * Level 2.9 Fighting
 - Level 4.0 Ranged Weapons
 - Level 2.0 Dodging
 - Level 2.0 Stealth
 - Level 3.0 Spellcasting
 - Level 5.0 Ice Magic


You had 4 spell levels left.
You knew the following spells:

 Your Spells              Type           Power      Damage    Failure   Level
a - Freeze                Ice            76%        1d8       2%          1
o - Ozocubu's Armour      Ice            19%        N/A       7%          3
r - Frozen Ramparts       Ice            38%        1d6       7%          3

Your spell library contained the following spells:

 Spells                   Type           Power      Damage    Failure   Level
 Gell's Gravitas          Tloc           2%         N/A       45%         3
 Teleport Other           Tloc           2%         N/A       45%         3
 Summon Ice Beast         Ice/Summ       11%        N/A       52%         4
 Dispersal                Tloc           1%         N/A       100%        6


Dungeon Overview and Level Annotations

Branches:
Dungeon (5/15)
 Temple: D:4-7

Annotations:
D:2 deep water hidden
D:5 Edmund


Innate Abilities, Weirdness & Mutations

You have an increased reservoir of magic. (+10% MP)
You shall have no god before yourself.
Your divine heritage dramatically boosts your attributes as you level up.


Message History

The black bear bites you but does no damage.
The black bear claws you but does no damage. x2
Fire: a) +11 sling of Day {antimagic, Contam Dex+6 SInv}
Press: ? - help, Q - select action, (/) - cycle Shift-Dir - straight line, f/p - Edmund
Aim: Edmund, wielding a +1 flail of protection and wearing a +0 chain mail (severely wounded, fast, 79% to hit)
You shoot a sling bullet. The sling bullet hits Edmund!
Edmund is almost dead.
Edmund hits you but does no damage. Edmund barely misses you.
The black bear bites you. The black bear claws you.
The black bear barely misses you. The iguana barely misses you.
Fire: a) +11 sling of Day {antimagic, Contam Dex+6 SInv}
Press: ? - help, Q - select action, (/) - cycle Shift-Dir - straight line, f/p - Edmund
Aim: Edmund, wielding a +1 flail of protection and wearing a +0 chain mail (almost dead, fast, 79% to hit)
You shoot a sling bullet. The sling bullet barely misses Edmund.
You hear the slow hiss of an avalanche of sand nearby.
Edmund hits you but does no damage. The black bear barely misses you.
The black bear claws you but does no damage. x2
The iguana completely misses you. Edmund misses you.
Fire: a) +11 sling of Day {antimagic, Contam Dex+6 SInv}
Press: ? - help, Q - select action, (/) - cycle Shift-Dir - straight line, f/p - Edmund
Aim: Edmund, wielding a +1 flail of protection and wearing a +0 chain mail (almost dead, fast, 79% to hit)
You shoot a sling bullet. The sling bullet hits Edmund.
Edmund is almost dead.
Edmund hits you with a +1 flail of protection!
* * * LOW HITPOINT WARNING * * *
The black bear bites you but does no damage.
The black bear claws you but does no damage. x2
The iguana bites you!
* * * LOW HITPOINT WARNING * * *
Edmund hits you but does no damage.
Fire: a) +11 sling of Day {antimagic, Contam Dex+6 SInv}
Press: ? - help, Q - select action, (/) - cycle Shift-Dir - straight line, f/p - Edmund
Aim: Edmund, wielding a +1 flail of protection and wearing a +0 chain mail (almost dead, fast, 79% to hit)
You shoot a sling bullet. The sling bullet barely misses Edmund.
Edmund closely misses you. The black bear bites you.
* * * LOW HITPOINT WARNING * * *
The black bear barely misses you. The black bear claws you.
* * * LOW HITPOINT WARNING * * *
The iguana bites you.
You die...

#. #. #. ###.
... #.#########
#.h@@......
#.l#######.
#.####..#######
..............#
#.###########.#
#.###########
#......<.....
#..##########
#..#


You could see Edmund (fast), a black bear and an iguana.

Vanquished Creatures
  A black bear (D:4)
  A phantom (D:5)
  A jelly (D:4)
  2 orc priests (D:4)
  Terence (D:3)
  2 orc wizards (D:4)
  10 adders
  4 gnolls (D:4)
  2 worms
  2 dart slugs (D:2)
  15 orcs (D:4)
  14 ball pythons
  7 endoplasms
  2 giant cockroaches
  6 goblins
  5 hobgoblins
  3 jackals (D:1)
  5 kobolds
  2 quokkas (D:2)
  5 bats
  2 frilled lizards
  A rat (D:1)
93 creatures vanquished.

Notes
Turn   | Place    | Note
-------+----------+-------------------------------------------
     0 | D:1      | avis the Demigod Ice Elementalist began the quest for the
                  | Orb.
     0 | D:1      | Reached XP level 1. HP: 14/14 MP: 5/5
   189 | D:1      | Reached skill level 4 in Ice Magic
   439 | D:1      | Reached XP level 2. HP: 20/20 MP: 2/7
  1205 | D:2      | Identified the +0 helmet of Ru's Benevolence {Str+2 Dex+2}
  1276 | D:2      | Reached XP level 3. HP: 27/27 MP: 4/9
  1427 | D:2      | Reached skill level 1 in Fighting
  2225 | D:2      | Learned a level 3 spell: Frozen Ramparts
  2229 | D:2      | Learned a level 3 spell: Ozocubu's Armour
  2476 | D:3      | Identified the +11 sling of Day {antimagic, Contam Dex+6
                  | SInv}
  2584 | D:3      | Noticed Terence
  2588 | D:3      | Killed Terence
  2589 | D:3      | Reached XP level 4. HP: 35/35 MP: 0/10
  3198 | D:4      | Reached skill level 5 in Ice Magic
  3198 | D:4      | Reached skill level 1 in Ranged Weapons
  3235 | D:4      | Reached XP level 5. HP: 23/40 MP: 0/11
  3655 | D:4      | Reached XP level 6. HP: 48/48 MP: 4/13
  4089 | D:5      | Entered Level 5 of the Dungeon
  4123 | D:5      | Noticed Edmund
  4137 | D:5      | Slain by an iguana

Illustrated notes

Levels and vault maps discovered:
D:1:      dpeg_arrival_oval, layout_rooms,
          hellmonk_ecumenical_altar_heavens_door, reono_crystal_passage
D:2:      layout_basic, chequers_serial_rivers_large_a
D:3:      layout_loops_ring, grunt_temple_overflow_open, uniq_terence
D:4:      layout_basic, nicolae_overflow_hidden_temple,
          mainiacjoe_overflow_alcove_1, minmay_snake_closets
D:5:      layout_loops_ring, enter_ossuary_5, kennysheep_windowed_goal,
          uniq_edmund

Skill      XL: |  1  2  3  4  5  6 |
---------------+-------------------+-----
Ice Magic      | 4 5 |  5.0
Spellcasting   | 2 3 |  3.0
Fighting       | 1 2 |  2.9
Ranged Weapons | 1 2 4 |  4.0
Dodging        | 2 |  2.0
Stealth        | 2 |  2.0

Action                   |  1- 3 |  4- 6 || total
-------------------------+-------+-------++-------
Melee: Dagger            |     3 |       ||     3
       Short sword       |     1 |       ||     1
 Fire: Sling             |     9 |    88 ||    97
 Cast: Freeze            |    55 |       ||    55
       Frozen Ramparts   |     3 |       ||     3
       Ozocubu's Armour  |       |     4 ||     4
 Stab: Sleeping          |     3 |       ||     3
Armor: Robe              |    10 |    20 ||    30
Dodge: Dodged            |    19 |    20 ||    39

Table legend: (Time is in decaauts)
 A = Elapsed time spent in this place.
 B = Non-inter-level travel time spent in this place.
 C = Inter-level travel time spent in this place.
 D = Time resting spent in this place.
 E = Time spent auto-exploring this place.
 F = Levels seen in this place.
 G = Mean time per level.
                   A        B        C        D        E       F      G
               +--------+--------+--------+--------+--------+-----+--------+
         Total |   4181 |   3849 |    332 |   1087 |   1858 |   5 |  836.2 |
       Dungeon |   4181 |   3849 |    332 |   1087 |   1858 |   5 |  836.2 |
               +--------+--------+--------+--------+--------+-----+--------+

Top non-repeatable levels by time:
     D:2: 1306 daAuts
     D:1: 1048 daAuts
     D:3: 982 daAuts
     D:4: 794 daAuts
     D:5: 49 daAuts
